AoeStats
← [Massa] Edo

Oasis

508566227Analyzed
2v2 RM · 8d ago on Sep 23, 2026· 36m 35s· 4 players
Game mode
Random Map
Map size
Medium (4 player)
Population
200
Speed
Normal
Resources
Standard
Victory
Conquest
Starting age
Dark Age
Ending age
Imperial Age
RankedLock teamsTeams togetherTeam positionsShared explorationLock speedFull tech treeHidden civsTurbo modeCheats
Victory
Defeat
🇦🇷 Danes · Argentina
1530
+12
🇦🇷 Celts · Argentina
1402
+18
🇧🇷 Vietnamese · Brazil
1448
-15
🇧🇷 Franks · Brazil
1444
-15
[Massa] Edo
6:26 Loom
9:16 Feudal Age
9:45 Double-Bit Axe
13:17 Fletching
13:44 Padded Archer Armor
13:58 Horse Collar
20:28 Wheelbarrow
22:47 Castle Age
21:17 Gold Mining
22:49 Crossbowman
23:26 Bodkin Arrow
23:46 Leather Archer Armor
24:56 Bow Saw
24:53 Heavy Plow
27:49 Ballistics
35:19 Imperial Age
32:53 Stone Mining
33:56 Thumb Ring
34:15 Hand Cart
35:22 Arbalester
36:03 Bracer
36:34 Ring Archer Armor
37:10 Chemistry
38:02 Two-Man Saw
37:34 Crop Rotation
37:40 Stone Shaft Mining
tg
6:34 Loom
8:57 Feudal Age
9:35 Double-Bit Axe
16:04 Fletching
21:04 Wheelbarrow
24:01 Castle Age
23:54 Padded Archer Armor
25:59 Bow Saw
30:39 Hand Cart
31:04 Bodkin Arrow
32:27 Hand Cart
32:48 Husbandry
33:04 Leather Archer Armor
Cinco
7:50 Loom
10:21 Feudal Age
18:41 Castle Age
23:54 Wheelbarrow
23:07 Double-Bit Axe
24:49 Horse Collar
26:51 Heavy Plow
27:06 Bow Saw
26:50 Gold Mining
28:26 Hand Cart
27:57 Town Watch
29:13 Scale Mail Armor
29:23 Forging
30:32 Gold Shaft Mining
29:50 Stone Mining
33:03 Chain Mail Armor
33:56 Stone Shaft Mining
34:33 Iron Casting
34:30 Town Patrol
39:33 Imperial Age
Venami | Agente P1T0 007 Cm
7:21 Loom
9:32 Feudal Age
9:52 Man-at-Arms
14:17 Double-Bit Axe
14:46 Fletching
20:58 Castle Age
19:40 Horse Collar
20:34 Scale Mail Armor
21:42 Bodkin Arrow
21:08 Crossbowman
24:43 Chain Mail Armor
25:03 Arson
26:40 Wheelbarrow
27:26 Squires
27:51 Bow Saw
28:51 Heavy Plow
33:16 Hand Cart
Connection lost

Rejoining the realm…

Still unreachable

The connection could not be restored.

Session expired

The server has moved on; the page needs a fresh start.